[Event "AUT-ch U16-Open 2025"]
[Site "Fuerstenfeld"]
[Date "2025.04.13"]
[Round "2.1"]
[White "Taizhanov, Aissultan"]
[Black "Stickler, Florentin"]
[Result "0-1"]
[Annotator "ChessBase"]
[ECO "C45"]
[WhiteElo "1952"]
[BlackElo "2189"]
[PlyCount "98"]
[EventDate "2025.04.12"]
[EventType "swiss"]
[EventCountry "AUT"]
[SourceTitle "playchess.com"]
[Source "ChessBase"]
[SourceQuality "1"]
[TimeControl "5400+30"]

1. e4 e5 2. Nf3 Nc6 3. d4 exd4 4. Nxd4 Nf6 5. Nxc6 bxc6 6. Qe2 d6 7. Nc3 Be7 8. Bf4 Be6 9. O-O-O O-O 10. h3 a5 11. Qe3 Qb8 12. Bd3 Qb7 13. g4 Rfb8 14. b3 Nd7 15. Na4 Qb4 16. e5 d5 17. Bg5 Bc5 18. Qg3 h6 19. Be3 d4 20. g5 dxe3 21. gxh6 Bf8 22. hxg7 Be7 23. Qxe3 Qh4 24. Rhg1 Rb4 25. c4 Rab8 26. f4 Rxa4 27. bxa4 Ba3+ 28. Kc2 Rb2+ 29. Kc3 Rh2 30. Qa7 Bb4+ 31. Kb3 Qd8 32. Bh7+ Kxh7 33. g8=Q+ Qxg8 34. Rxg8 Nc5+ 35. Qxc5 Bxc5 36. Rg3 Rf2 37. Rdg1 Rxf4 38. R1g2 Bxc4+ 39. Kc2 Rf2+ 40. Rxf2 Bxf2 41. Rg2 Bd4 42. Rg4 c5 43. a3 Be6 44. Rg2 Bxe5 45. Kd3 Bd5 46. Rc2 c4+ 47. Ke3 c5 48. Rc1 f5 49. Rb1 f4+ 0-1

[Event "AUT-ch U16-Open 2025"]
[Site "Fuerstenfeld"]
[Date "2025.04.13"]
[Round "2.2"]
[White "Ortner, Sebastian"]
[Black "Pausweg, Daniel"]
[Result "1-0"]
[Annotator "ChessBase"]
[ECO "E27"]
[WhiteElo "1925"]
[BlackElo "2080"]
[PlyCount "69"]
[EventDate "2025.04.12"]
[EventType "swiss"]
[EventCountry "AUT"]
[SourceTitle "playchess.com"]
[Source "ChessBase"]
[SourceQuality "1"]
[TimeControl "5400+30"]

1. d4 Nf6 2. c4 e6 3. Nc3 Bb4 4. a3 Bxc3+ 5. bxc3 b6 6. f3 d5 7. cxd5 exd5 8. e3 O-O 9. Bd3 Nc6 10. Ne2 Bb7 11. O-O Na5 12. Ng3 Re8 13. Re1 c5 14. Bb2 cxd4 15. cxd4 Rc8 16. Rc1 Rxc1 17. Qxc1 Qe7 18. e4 Rc8 19. Nf5 Qf8 20. Qg5 dxe4 21. fxe4 Nc4 22. Bxc4 Rxc4 23. d5 Ne8 24. Qd8 Rc8 25. Ne7+ Kh8 26. Nxc8 Qc5+ 27. Kh1 Qxc8 28. Qxc8 Bxc8 29. e5 Kg8 30. Rc1 Bd7 31. Kg1 Kf8 32. Bc3 Ke7 33. Bb4+ Kd8 34. Rf1 f5 35. e6 1-0

[Event "AUT-ch U16-Open 2025"]
[Site "Fuerstenfeld"]
[Date "2025.04.13"]
[Round "2.3"]
[White "Squasi, Ernesto"]
[Black "Wu, Chenshan"]
[Result "1-0"]
[Annotator "ChessBase"]
[ECO "B12"]
[WhiteElo "1904"]
[BlackElo "2011"]
[PlyCount "35"]
[EventDate "2025.04.12"]
[EventType "swiss"]
[EventCountry "AUT"]
[SourceTitle "playchess.com"]
[Source "ChessBase"]
[SourceQuality "1"]
[TimeControl "5400+30"]

1. e4 c6 2. d4 d5 3. f3 e6 4. Nc3 Bb4 5. Be3 dxe4 6. Qd2 Nf6 7. Bg5 exf3 8. Nxf3 Nbd7 9. Bd3 O-O 10. O-O Be7 11. Qf4 Nd5 12. Nxd5 Bxg5 13. Nxg5 exd5 14. Bxh7+ Kh8 15. Qh4 Qxg5 16. Qxg5 Kxh7 17. Rae1 Nb6 18. Rf4 1-0

[Event "AUT-ch U16-Open 2025"]
[Site "Fuerstenfeld"]
[Date "2025.04.13"]
[Round "2.4"]
[White "Nicolussi, Hieronymus"]
[Black "Guba, Viktor"]
[Result "1/2-1/2"]
[Annotator "NA"]
[ECO "C45"]
[WhiteElo "1999"]
[BlackElo "1931"]
[PlyCount "72"]
[EventDate "2025.04.12"]
[EventType "swiss"]
[EventCountry "AUT"]
[SourceTitle "playchess.com"]
[Source "ChessBase"]
[SourceQuality "1"]
[TimeControl "5400+30"]

1. e4 e5 2. Nf3 Nc6 3. d4 exd4 4. Nxd4 Nf6 5. Nxc6 bxc6 6. e5 Qe7 7. Qe2 Nd5 8. h4 d6 9. c4 Nb4 10. a3 Na6 11. exd6 Qxe2+ 12. Bxe2 cxd6 13. Bf3 Bb7 14. Nc3 Nc5 15. Be3 Nd3+ 16. Kf1 Be7 17. Be4 Ne5 18. b3 O-O 19. Rd1 f5 20. Bc2 Ba6 21. Bf4 Bf6 22. Rh3 d5 23. Bxf5 dxc4 24. b4 Nd3 25. Bxd3 cxd3 26. Na4 Bd4 27. Be3 Rae8 28. Kg1 Rd8 29. Bxd4 Rxd4 30. Nc5 Bc4 31. Rd2 Rff4 32. Nxd3 Rf8 33. Kf1 Re8 34. Rd1 Rde4 35. Kg1 Rd8 36. Kf1 Rde8 1/2-1/2

[Event "AUT-ch U16-Open 2025"]
[Site "Fuerstenfeld"]
[Date "2025.04.13"]
[Round "2.5"]
[White "Benedikt, Noah"]
[Black "Reichhuetter, Richard"]
[Result "1-0"]
[Annotator "NA"]
[ECO "E12"]
[WhiteElo "1976"]
[BlackElo "1916"]
[PlyCount "71"]
[EventDate "2025.04.12"]
[EventType "swiss"]
[EventCountry "AUT"]
[SourceTitle "playchess.com"]
[Source "ChessBase"]
[SourceQuality "1"]
[TimeControl "5400+30"]

1. c4 Nf6 2. d4 e6 3. Nf3 b6 4. Bg5 Bb7 5. e3 Be7 6. Nc3 d5 7. cxd5 Nxd5 8. Bxe7 Nxe7 9. Bd3 O-O 10. O-O h6 11. Qe2 Nd5 12. Rac1 Nd7 13. Nxd5 exd5 14. b4 c6 15. Rc2 b5 16. Nd2 Nb6 17. Nb3 Qe7 18. Nc5 a5 19. bxa5 Rxa5 20. Rb1 Na4 21. Nb3 Ra7 22. Rbc1 Nb6 23. Nc5 Rc8 24. Bf5 Rc7 25. Nxb7 Raxb7 26. Rxc6 Rxc6 27. Rxc6 g6 28. Bd3 Nc4 29. g3 h5 30. Bxg6 Qd7 31. Bh7+ Kxh7 32. Qxh5+ Kg8 33. Qg5+ Kf8 34. Rh6 f6 35. Qxf6+ Kg8 36. Rh8# 1-0

[Event "AUT-ch U16-Open 2025"]
[Site "Fuerstenfeld"]
[Date "2025.04.13"]
[Round "2.6"]
[White "Geworgyan, Derenick"]
[Black "Martinovic, David"]
[Result "0-1"]
[Annotator "ChessBase"]
[ECO "C54"]
[WhiteElo "1657"]
[BlackElo "1968"]
[PlyCount "66"]
[EventDate "2025.04.12"]
[EventType "swiss"]
[EventCountry "AUT"]
[SourceTitle "playchess.com"]
[Source "ChessBase"]
[SourceQuality "1"]
[TimeControl "5400+30"]

1. e4 e5 2. Nf3 Nc6 3. Bc4 Bc5 4. c3 Nf6 5. d3 d6 6. O-O a5 7. Bb3 h6 8. h3 g5 9. Nh2 Rg8 10. Ng4 Bxg4 11. hxg4 Qd7 12. Qf3 Rg6 13. Be3 Qxg4 14. Qxg4 Nxg4 15. Bxc5 dxc5 16. f3 Nf6 17. Nd2 Rd8 18. Bc2 Nh5 19. Nb3 b6 20. Rad1 Ke7 21. Kf2 g4 22. Rg1 Nf4 23. Nc1 Rdg8 24. Ne2 Nxe2 25. Kxe2 gxf3+ 26. Kxf3 Rg3+ 27. Kf2 Nd8 28. Bb3 b5 29. a3 h5 30. Ba2 h4 31. Bb3 R8g6 32. Bc2 Ne6 33. Rde1 Nf4 0-1

[Event "AUT-ch U16-Open 2025"]
[Site "Fuerstenfeld"]
[Date "2025.04.13"]
[Round "2.7"]
[White "Prober, Raphael"]
[Black "Hellerschmid, Andreas"]
[Result "1-0"]
[Annotator "NA"]
[ECO "B12"]
[WhiteElo "2131"]
[BlackElo "1835"]
[PlyCount "91"]
[EventDate "2025.04.12"]
[EventType "swiss"]
[EventCountry "AUT"]
[SourceTitle "playchess.com"]
[Source "ChessBase"]
[SourceQuality "1"]
[TimeControl "5400+30"]

1. e4 c6 2. d4 d5 3. e5 c5 4. dxc5 e6 5. Qh5 Bxc5 6. Bd3 Nc6 7. Nf3 Nb4 8. O-O Ne7 9. Bg5 Qb6 10. Nc3 Bd7 11. Rab1 Nxd3 12. cxd3 Nf5 13. b4 Be7 14. Bxe7 Nxe7 15. a4 O-O 16. Qg5 Qd8 17. Nd4 Nc6 18. Qf4 Nxd4 19. Qxd4 f6 20. f4 Qb6 21. Qxb6 axb6 22. a5 fxe5 23. fxe5 Rxf1+ 24. Kxf1 bxa5 25. bxa5 Bc6 26. Ra1 Kf7 27. Kf2 Ke7 28. Ne2 Bb5 29. Ke3 Rc8 30. Nd4 Ba6 31. Kd2 Rc5 32. Nb3 Rc8 33. Rc1 Rxc1 34. Nxc1 Bb5 35. Nb3 Bd7 36. Kc3 Kd8 37. Kb4 Kc7 38. Kc5 Ba4 39. Nd4 Bd7 40. g3 g6 41. h4 h5 42. Ne2 Be8 43. Nf4 Bf7 44. d4 Kd7 45. Kb6 Kc8 46. Nd3 1-0

[Event "AUT-ch U16-Open 2025"]
[Site "Fuerstenfeld"]
[Date "2025.04.13"]
[Round "2.8"]
[White "Fuertler, Oliver"]
[Black "Haselsberger, Armin"]
[Result "0-1"]
[Annotator "NA"]
[ECO "D36"]
[WhiteElo "2008"]
[BlackElo "2004"]
[PlyCount "104"]
[EventDate "2025.04.12"]
[EventType "swiss"]
[EventCountry "AUT"]
[SourceTitle "playchess.com"]
[Source "ChessBase"]
[SourceQuality "1"]
[TimeControl "5400+30"]

1. d4 Nf6 2. c4 e6 3. Nc3 d5 4. cxd5 exd5 5. Bg5 Be7 6. e3 O-O 7. Bd3 h6 8. Bh4 c6 9. Qc2 Re8 10. Nge2 Nbd7 11. O-O Ne4 12. Bxe7 Qxe7 13. Rae1 Ndf6 14. f3 Nxc3 15. Nxc3 Qd6 16. Qf2 Be6 17. Ne2 Rad8 18. Bb1 Qb4 19. Nf4 Bc8 20. Nd3 Qd6 21. b4 b6 22. Rc1 Ba6 23. a3 Re7 24. Rfe1 Bxd3 25. Bxd3 Rde8 26. Rc3 g6 27. Bf1 Nd7 28. Rec1 Re6 29. Qc2 Rxe3 30. Rxe3 Rxe3 31. Qxc6 Qxc6 32. Rxc6 Rxa3 33. Rd6 Nf8 34. Rxd5 Ra4 35. Rb5 Kg7 36. Kf2 Kf6 37. Ke3 Ne6 38. Rd5 Rxb4 39. Rd7 a5 40. Kd3 Rb1 41. Be2 Nf4+ 42. Kc2 Rb4 43. Bf1 Ke6 44. Rd8 Ke7 45. Rb8 Nd5 46. Kd3 a4 47. Ra8 Ke6 48. Re8+ Kd6 49. Ra8 Rb3+ 50. Kd2 b5 51. Ra6+ Kd7 52. Bd3 Rxd3+ 0-1